 Dungeon Crawl Stone Soup version 0.28-a0-1447-ga5a8893891 (webtiles) character file.

Game seed: 7757776563787061992

206 bande the Skirmisher (level 5, -2/34 HPs)
             Began as a Gargoyle Fighter on Jan 11, 2022.
             Killed from afar by a white imp (6 damage)
             ... with a puff of frost
             ... summoned by Natasha
             ... on level 4 of the Dungeon.
             The game lasted 00:05:40 (3613 turns).

bande the Skirmisher (Gargoyle Fighter)             Turns: 3613, Time: 00:05:41

Health: -2/34      AC: 18    Str: 17 (19) XL:     5   Next: 84%
Magic:  5/5        EV:  6    Int:  6 (9)  God:
Gold:   128        SH:  4    Dex: 10 (11) Spells: 4/4 levels left

rFire   . . .      SeeInvis +   a - +0 war axe
rCold   . . .      Faith    .   c - +0 buckler
rNeg    + . .      Spirit   .   q - +0 chain mail
rPois   ∞          Reflect  .   (no helmet)
rElec   +          Harm     .   o - +0 cloak
rCorr   .          Rampage  .   (no gloves)
Will    .....                   (no boots)
Stlth   ..........              (no amulet)
HPRegen 0.11/turn               f - +4 ring of protection
MPRegen 0.09/turn               k - ring of see invisible

@: mighty
A: sickness immunity, AC +4, negative energy resistance 1, electricity
resistance, torment resistance 1, petrification resistance
a: no special abilities


You were on level 4 of the Dungeon.
You visited 1 branch of the dungeon, and saw 4 of its levels.

You collected 128 gold pieces.

Inventory:

Hand Weapons
 a - a +0 war axe (weapon)
Armour
 c - a +0 buckler (worn)
 o - a +0 cloak (worn)
 q - a +0 chain mail (worn)
Jewellery
 f - a +4 ring of protection (left hand)
 k - a ring of see invisible (right hand)
Scrolls
 b - a scroll of holy word
 r - a scroll of magic mapping {unknown}
Potions
 d - a potion of might
 g - a potion of invisibility
 h - a potion of magic
 i - a potion of attraction {unknown}
 j - a potion of brilliance {unknown}
 l - a potion of haste {unknown}
 m - 3 potions of curing {unknown}
 n - a potion of heal wounds {unknown}
 p - a potion of flight {unknown}


   Skills:
 + Level 4.3 Fighting
 + Level 3.6 Axes
 + Level 4.3 Armour
 + Level 4.0 Shields


You had 4 spell levels left.
You didn't know any spells.
Your spell library contained the following spells:

 Spells                   Type           Power      Damage    Failure   Level
 Animate Skeleton         Necr           0%         N/A       100%        1
 Pain                     Necr           0%         1d4       100%        1
 Corpse Rot               Necr/Air       0%         N/A       100%        2
 Poisonous Vapours        Pois/Air       0%         N/A       100%        2
 Vampiric Draining        Necr           0%         2d6       100%        3


Dungeon Overview and Level Annotations

Branches:
Dungeon (4/15)
 Temple: D:4-7

Altars:
Makhleb
Zin

Annotations:
D:4 Natasha


Innate Abilities, Weirdness & Mutations

You are immune to sickness and miasma.
Your stone body is resilient. (AC +4)
You are immune to poison.
You resist negative energy. (rN+)
You are resistant to electric shocks. (rElec)
You are resistant to unholy torment.
You are immune to petrification.


Message History

The orc hits you but does no damage.
You closely miss the orc. You barely miss the orc.
The orc hits you but does no damage. The orc barely misses you.
The white imp puffs mist at you.
You barely miss the orc. You closely miss the orc.
The orc hits you but does no damage. The orc barely misses you.
The orc hits you but does no damage.
You barely miss the orc. You slash the orc!
You kill the orc!
The orc closely misses you.
Natasha mumbles some strange words.
The orc hits you but does no damage.
Unknown command.
You slash the orc!
You kill the orc!
You closely miss the sky beast. You hit the white imp but do no damage.
The sky beast hits you but does no damage.
You block the white imp's attack. Natasha claws you but does no damage.
You closely miss Natasha. You barely miss the sky beast. You hit the white imp.
The sky beast hits you but does no damage.
The white imp barely misses you. Natasha claws you.
You block the sky beast's attack.
Unknown command.
You barely miss Natasha. You barely miss the white imp.
You slash the sky beast!
The white imp disappears in a puff of smoke!
The white imp hits you but does no damage.
Natasha claws you.
* * * LOW HITPOINT WARNING * * *
The sky beast hits you.
* * * LOW HITPOINT WARNING * * *
The sky beast shocks you. You resist.
* * * LOW HITPOINT WARNING * * *
Unknown command.
It was a potion of degeneration.
There was something very wrong with that liquid.
You feel weakened.
You feel dopey.
You feel clumsy. The white imp gestures at you. The puff of frost hits you.
You die...

..........
..........
......... .
......... ..
........## ...
..#.....<###....
.........#......
$.....)))....#
###.....@#...#
#...#Yh55.....
#..>.##.§....#.
#.... .§§..###
..... ......#
.#... ##.#..##
#.. ####.# ..


You could see a sky beast, Natasha and 2 white imps.

Vanquished Creatures
  A black bear (D:4)
  2 adders (D:2)
  2 worms (D:3)
  4 dart slugs
  4 orcs (D:4)
  6 bats
  8 endoplasms
  2 giant cockroaches
  12 goblins
  4 hobgoblins
  7 jackals
  5 kobolds
  A quokka (D:1)
  6 ball pythons
  6 frilled lizards
  5 rats
75 creatures vanquished.

Notes
Turn   | Place    | Note
-------+----------+-------------------------------------------
     0 | D:1      | bande the Gargoyle Fighter began the quest for the Orb.
     0 | D:1      | Reached XP level 1. HP: 14/14 MP: 1/1
   126 | D:1      | Reached XP level 2. HP: 7/20 MP: 2/2
   780 | D:1      | You fall into a shaft and drop 1 floor!
   785 | D:2      | Reached XP level 3. HP: 19/24 MP: 3/3
  1513 | D:2      | Found a faded altar of an unknown god.
  1707 | D:2      | Reached XP level 4. HP: 23/29 MP: 4/4
  3162 | D:3      | Found a burning altar of Makhleb.
  3164 | D:3      | Found a glowing silver altar of Zin.
  3164 | D:3      | Noticed an angel
  3165 | D:3      | Noticed a green death
  3584 | D:4      | Noticed a black bear
  3599 | D:4      | Killed a black bear
  3600 | D:4      | Reached XP level 5. HP: 16/34 MP: 5/5
  3604 | D:4      | Noticed Natasha
  3605 | D:4      | Noticed a sky beast
  3613 | D:4      | Killed from afar by a white imp

Illustrated notes

Levels and vault maps discovered:
D:1:      heliophobic_arrival_glass_houses, layout_loops_cross,
          minmay_pentomino_v4
D:2:      layout_basic, basic_ecumenical_altar, kennysheep_path_1,
          eino_tiny_chamber, nrook_loot_triangle, hangedman_decor_points
D:3:      layout_basic, grunt_temple_overflow_order_and_chaos_2
D:4:      layout_cave_pools, minmay_temple_entry_glass,
          nicolae_ossuary_entry_catacombs, kennysheep_big_empty_room,
          uniq_crazy_yiuf_cottage, uniq_duvessa, uniq_natasha

Skill      XL: |  1  2  3  4 |
---------------+-------------+-----
Axes           | 2 3 |  3.6
Fighting       | 4 |  4.3
Armour         | 4 |  4.3
Shields        | 4 |  4.0

Action                   |  1- 3 |  4- 6 || total
-------------------------+-------+-------++-------
Melee: War axe           |   129 |    95 ||   224
  Use: Scroll            |     3 |     2 ||     5
       Potion            |       |     2 ||     2
Armor: Scale mail        |    86 |    35 ||   121
       Chain mail        |       |    38 ||    38
Dodge: Dodged            |    79 |    51 ||   130
Block: Buckler           |    30 |    27 ||    57

Table legend: (Time is in decaauts)
 A = Elapsed time spent in this place.
 B = Non-inter-level travel time spent in this place.
 C = Inter-level travel time spent in this place.
 D = Time resting spent in this place.
 E = Time spent auto-exploring this place.
 F = Levels seen in this place.
 G = Mean time per level.
                   A        B        C        D        E       F      G
               +--------+--------+--------+--------+--------+-----+--------+
         Total |   3705 |   3620 |     85 |    560 |   2379 |   4 |  926.2 |
       Dungeon |   3705 |   3620 |     85 |    560 |   2379 |   4 |  926.2 |
               +--------+--------+--------+--------+--------+-----+--------+

Top non-repeatable levels by time:
     D:1: 1403 daAuts
     D:3: 1160 daAuts
     D:2: 1104 daAuts
     D:4: 37 daAuts
